 Dungeon Crawl Stone Soup version 0.30-a0-1112-gfb780f5df6 (webtiles) character file.

Game seed: 257671661810272625

64177 bande the Cleaver (level 15, -10/95 HPs)
             Began as a Gargoyle Fighter on Apr 18, 2023.
             Was the Champion of Okawaru.
             Mangled by a fire elemental (14 damage)
             ... summoned by a deep elf pyromancer
             ... on level 12 of the Dungeon on Apr 19, 2023.
             The game lasted 00:36:14 (18541 turns).

bande the Cleaver (Gargoyle Fighter)               Turns: 18541, Time: 00:36:15

Health: -10/95     AC: 40    Str: 21    XL:     15   Next: 12%
Magic:  22/22      EV:  2    Int:  9    God:    Okawaru [******]
Gold:   2704       SH:  0    Dex: 15    Spells: 14/14 levels left

rFire   . . .      SeeInvis .    a - +1 war axe (spect)
rCold   . . .      Faith    .    R - +1 tower shield {rPois}
rNeg    + + .      Spirit   .    I - +6 chain mail of Beadouwn {rN+ Str+2}
rPois   ∞          Reflect  +    G - +2 helmet
rElec   +          Rampage  +    M - +1 cloak
rCorr   .                        (no gloves)
Will    ++++.                    P - +0 pair of boots {rampage} Stlth
                                 u - amulet of reflection
HPRegen 0.35/turn                f - +4 ring of slaying
MPRegen 0.18/turn                F - ring "Azoon" {rElec Will+++ AC+4 Str-2}

@: confused, ambrosia-drunk, grasped by roots, flying, constricted
A: sickness immunity, AC +11, big wings, negative energy resistance 1,
electricity resistance, torment resistance 1, petrification resistance
a: Renounce Religion, Heroism, Finesse, Duel


You were on level 12 of the Dungeon.
You worshipped Okawaru.
Okawaru was exalted by your worship.
You visited 3 branches of the dungeon, and saw 18 of its levels.
You also visited: Sewer, Ossuary and Gauntlet.

You collected 2704 gold pieces.

Inventory:

Hand Weapons
 a - a +1 spectral war axe (weapon)
 E - a +1 heavy war axe
 V - the +8 flail "Ymoic" {flame, Fragile rElec rC- Str+7}
   (You found it on level 5 of the Lair of Beasts)

   Str:       It affects your strength (+7).
   rC:        It makes you vulnerable to cold.
   rElec:     It insulates you from electricity.
   Fragile:   It will be destroyed if unequipped.
Missiles
 D - 4 throwing nets (quivered)
Armour
 G - a +2 helmet (worn)
 I - the +6 chain mail of Beadouwn (worn) {rN+ Str+2}
   (Okawaru gifted it to you on level 3 of the Lair of Beasts)

   Str:       It affects your strength (+2).
   rN:        It protects you from negative energy.
 M - a +1 cloak (worn)
 P - a +0 pair of boots of rampaging (worn)
 R - a +1 tower shield of poison resistance (worn)
Jewellery
 c - a +6 ring of dexterity
 f - a +4 ring of slaying (left hand)
 t - a ring of willpower
 u - an amulet of reflection (around neck)
 y - a +6 ring of dexterity
 F - the ring "Azoon" (right hand) {rElec Will+++ AC+4 Str-2}
   (You acquired it on level 2 of the Lair of Beasts)

   [ring of protection]

   AC:        It affects your AC (+4).
   Str:       It affects your strength (-2).
   rElec:     It insulates you from electricity.
   Will:      It greatly increases your willpower.
 H - an amulet of regeneration
 K - the ring of Vehumet's Respect {rElec rN+ Slay+2}
   (You found it in a Gauntlet)

   [ring of positive energy]

   Slay:      It affects your accuracy & damage with ranged weapons and melee
   (+2).
   rElec:     It insulates you from electricity.
   rN:        It protects you from negative energy.
 N - a ring of positive energy
 O - a ring of flight
 Q - the ring of Xiuxecah {rElec rC+++ rCorr MP+9 Dex-4}
   (You took it off a minotaur in a Gauntlet)

   [ring of resist corrosion]

   Dex:       It affects your dexterity (-4).
   rC:        It renders you almost immune to cold.
   rElec:     It insulates you from electricity.
   MP:        It affects your magic capacity (+9).
   rCorr:     It protects you from acid and corrosion.
 S - a ring of resist corrosion
 U - a ring of positive energy
Wands
 n - a wand of paralysis (9)
 s - a wand of flame (26)
 x - a wand of light (12)
 J - a wand of roots (10)
 L - a wand of digging (6)
 T - a wand of mindburst (15)
Scrolls
 m - 13 scrolls of teleportation
 o - 2 scrolls of fog
 p - a scroll of blinking
 r - 5 scrolls of enchant armour
 v - 4 scrolls of enchant weapon
 w - 4 scrolls of fear
 C - a scroll of poison
Potions
 b - 3 potions of invisibility
 d - 2 potions of might
 e - 5 potions of brilliance
 g - a potion of ambrosia
 h - a potion of cancellation
 i - 11 potions of curing
 j - 2 potions of magic
 k - 2 potions of berserk rage {unknown}
 q - 8 potions of flight
 z - 6 potions of haste
 A - 2 potions of mutation
 B - a potion of attraction {unknown}


   Skills:
 + Level 11.3 Fighting
 + Level 14.8 Axes
 + Level 11.2 Armour
 + Level 9.6 Shields
 * Level 10.4 Invocations
 * Level 9.4 Evocations


You had 14 spell levels left.
You didn't know any spells.
Your spell library contained the following spells:

 Spells                   Type           Power      Damage    Failure   Level
 Blink                    Tloc           0%         N/A       100%        2
 Ensorcelled Hibernation  Hex/Ice        0%         N/A       100%        2
 Lesser Beckoning         Tloc           0%         N/A       100%        2
 Momentum Strike          Conj/Tloc      0%         3d8       100%        2
 Passwall                 Tmut/Erth      0%         N/A       100%        2
 Poisonous Vapours        Pois/Air       0%         N/A       100%        2
 Mephitic Cloud           Conj/Pois/Air  0%         N/A       100%        3
 Portal Projectile        Hex/Tloc       0%         N/A       100%        3
 Swiftness                Air            0%         N/A       100%        3
 Cause Fear               Hex            0%         N/A       100%        4
 Manifold Assault         Tloc           0%         N/A       100%        4
 Blade Hands              Tmut           0%         N/A       100%        5
 Freezing Cloud           Conj/Ice/Air   0%         6-21      100%        5
 Dispersal                Tloc           0%         N/A       100%        6
 Iron Shot                Conj/Erth      0%         9d1       100%        6
 Dragon Form              Tmut           0%         N/A       100%        7
 Orb of Destruction       Conj           0%         9d5       100%        7
 Ozocubu's Refrigeration  Ice            0%         4d7       100%        7
 Discord                  Hex            0%         N/A       100%        8
 Disjunction              Tloc           0%         N/A       100%        8
 Polar Vortex             Ice            0%         N/A       100%        9
 Summon Small Mammal      Summ           Unusable   N/A       N/A         1
 Call Canine Familiar     Summ           Unusable   N/A       N/A         3
 Summon Guardian Golem    Hex/Summ       Unusable   N/A       N/A         3
 Animate Armour           Summ/Erth      Unusable   N/A       N/A         4
 Summon Ice Beast         Ice/Summ       Unusable   N/A       N/A         4
 Summon Mana Viper        Hex/Summ       Unusable   N/A       N/A         5
 Simulacrum               Ice/Necr       Unusable   N/A       N/A         6
 Monstrous Menagerie      Summ           Unusable   N/A       N/A         7
 Spellforged Servitor     Conj/Summ      Unusable   N/A       N/A         7
 Dragon's Call            Summ           Unusable   N/A       N/A         9

Dungeon Overview and Level Annotations

Branches:
Dungeon (12/15)            Temple (1/1) D:7            Lair (5/5) D:11
 Shoals (0/4) Lair:2        Snake (0/4) Lair:3        Slime (0/5) Lair:5
    Orc (0/2) D:9           Sewer (visited)         Ossuary (visited)
Gauntlet (visited)

Altars:
Ashenzari
Cheibriados
Dithmenos
Elyvilon
Fedhas
Gozag
Hepliaklqana
Kikubaaqudgha
Makhleb
Nemelex Xobeh
Okawaru
Qazlal
Ru
Sif Muna
Trog
Uskayaw
Vehumet
Wu Jian
Xom
Yredelemnul
The Shining One
Jiyva

Shops:
D:9 [

Portals:
Trove: D:11 (give 6 scrolls of fear)

Annotations:
D:9 1 runed translucent door
D:12 Jorgrun
Lair:3 exclusion: oklob plant
Lair:5 1 runed translucent door, exclusion: oklob plant


Innate Abilities, Weirdness & Mutations

You are immune to sickness and miasma.
Your stone body is resilient. (AC +11)
You are immune to poison.
Your large and strong wings let you fly.
You resist negative energy. (rN+)
You are resistant to electric shocks. (rElec)
You are resistant to unholy torment.
You are immune to petrification.


Message History

The deep elf pyromancer gestures wildly while chanting.
Jorgrun points at you and mumbles some strange words.
You shatter!!
* * * LOW HITPOINT WARNING * * *
Things that are here:
a +0 dagger; a +0 ring mail; an orc corpse You feel much better.
Jorgrun points at you and mumbles some strange words.
You shatter!!
* * * LOW HITPOINT WARNING * * *
You feel better.
Jorgrun casts a spell at the rock wall.
Some rock shatters into small pieces.
Okay, then.
You are confused.
You feel invigorated.
The deep elf pyromancer casts a spell.
The deep elf pyromancer blinks!
The fire elemental hits you. The fire elemental burns you!
* * * LOW HITPOINT WARNING * * *
The fire elemental hits you.
Unknown command.
You closely miss the fire elemental. You barely miss the cyclops.
Your +1 spectral war axe hits the fire elemental.
Your +1 spectral war axe hits the cyclops!
Your +1 spectral war axe closely misses the fire elemental.
The fire elemental hits you. The fire elemental burns you!
* * * LOW HITPOINT WARNING * * *
Jorgrun gestures at you while chanting.
Roots burst forth from the earth!
The grasping roots grab you! The grasping roots constrict you!
* * * LOW HITPOINT WARNING * * *
The deep elf pyromancer gestures wildly while chanting.
The deep elf pyromancer blinks!
The cyclops barely misses you.
You are too confused!
You're too confused to move!
Your +1 spectral war axe disappears.
The fire elemental hits you. The fire elemental burns you!
You die...

.# . #.#.# .# ...#$
####.#. ...... #.)...
#........ #.##.#
.........##.##.########
##............†)......###
##....###.#.###).........
.......##.#.# #.C.....<..
##..##......# #.@.....#..
##..##.##.### #.E..##....
.?........# #..........
#####...### #.g.....#.#
#...# #.........# #...#
#....##.## #...# #...##
.# #...# #.... .
#####)).######


You could see Jorgrun, a cyclops and a fire elemental (summoned).

Vanquished Creatures
  A minotaur (Gauntlet)
  A dire elephant (Lair:5)
  A hydra (Lair:4)
  A ghost crab (Gauntlet)
  2 catoblepae (Lair:5)
  A two-headed ogre (D:8)
  A deep troll shaman (Lair:5)
  A centaur warrior (D:12)
  15 death yaks
  A death scarab (Gauntlet)
  Nergalle (D:11)
  A skyshark (Lair:5)
  6 wizards (D:11)
  A necromancer (Lair:5)
  2 manticores
  A cyclops (D:12)
  A merfolk siren (Lair:2)
  18 elephants
  10 black mambas
  2 slime creatures (D:12)
  16 cane toads
  2 unseen horrors
  A tengu conjurer (D:12)
  2 rime drakes
  12 komodo dragons
  A guardian mummy (D:11)
  3 merfolk (Lair:2)
  4 trolls
  2 hornets
  Grinder (D:3)
  A raiju (Gauntlet)
  2 polar bears
  26 blink frogs
  7 dream sheep (Lair:4)
  2 shadows
  Sigmund (D:3)
  3 vampires
  34 yaks
  8 wyverns
  3 basilisks
  A spectral fire crab (Gauntlet)
  3 steam dragons
  19 water moccasins
  2 ice beasts
  2 black bears (Lair:5)
  3 orc warriors
  A sky beast (D:7)
  4 ogres
  16 wolves
  The ghost of Zvl3 the Conjurer, an amateur DrCj (D:3)
  2 centaurs
  5 kobold brigands (D:9)
  3 gnoll sergeants (D:9)
  7 bullfrogs
  4 scorpions
  15 wights
  An electric eel (Lair:2)
  5 howler monkeys
  A centaur zombie (Ossuary)
  5 orc priests
  2 iron imps
  A jelly (D:4)
  2 hounds
  3 sleepcaps
  5 iguanas
  11 orc wizards
  2 polar bear simulacra (Lair:5)
  4 yak simulacra (Lair:5)
  3 wolf simulacra (Lair:5)
  6 mummies (Ossuary)
  7 gnolls (D:9)
  8 river rats (Sewer)
  17 adders
  A shadow imp (D:4)
  2 white imps (D:7)
  6 worms
  4 dart slugs
  42 orcs
  13 ball pythons
  5 endoplasms
  7 giant cockroaches
  8 hobgoblins
  6 jackals
  4 quokkas
  15 bats
  9 frilled lizards
  A gnoll zombie (Ossuary)
  8 goblins
  2 goblin zombies
  2 hobgoblin zombies (Ossuary)
  2 jackal skeletons (D:9)
  14 kobolds
  A kobold zombie (Ossuary)
  2 orc zombies (Ossuary)
  9 rats
  A rat zombie (D:8)
  2 river rat simulacra (Lair:5)
536 creatures vanquished.

Vanquished Creatures (others)
  40 fungi
  60 plants
  9 spectral weapons
  5 toadstools (D:8)
114 creatures vanquished.

Grand Total: 650 creatures vanquished

Notes
Turn   | Place    | Note
-------+----------+-------------------------------------------
     0 | D:1      | bande the Gargoyle Fighter began the quest for the Orb.
     0 | D:1      | Reached XP level 1. HP: 14/14 MP: 1/1
   112 | D:1      | Reached XP level 2. HP: 19/19 MP: 2/2
   230 | D:1      | Reached skill level 2 in Axes
   366 | D:1      | Reached XP level 3. HP: 24/24 MP: 3/3
   877 | D:2      | Reached XP level 4. HP: 29/29 MP: 4/4
  1129 | D:2      | Reached skill level 3 in Axes
  1298 | D:3      | Noticed Grinder
  1302 | D:3      | Paralysed by Grinder for 4 turns
  1318 | D:3      | Killed Grinder
  1319 | D:3      | Reached skill level 4 in Axes
  1319 | D:3      | Reached XP level 5. HP: 29/34 MP: 5/5
  1319 | D:3      | Reached XP level 6. HP: 33/39 MP: 6/6
  1377 | D:3      | Found a blossoming altar of Fedhas.
  1411 | D:3      | Found a large runed translucent door.
  1411 | D:3      | Found a large runed translucent door.
  1412 | D:3      | Noticed Zvl3's ghost (amateur DrCj)
  1424 | D:3      | Noticed Sigmund
  1438 | D:3      | Killed Sigmund
  1439 | D:3      | Reached skill level 5 in Axes
  1439 | D:3      | Reached XP level 7. HP: 21/44 MP: 7/7
  1948 | D:3      | Found a faded altar of an unknown god.
  2000 | D:3      | Killed Zvl3's ghost
  2064 | D:4      | Found a snail-covered altar of Cheibriados.
  2070 | D:4      | Reached skill level 5 in Fighting
  2123 | D:4      | Found a glowing drain.
  2127 | Sewer    | Entered a sewer
  2287 | Sewer    | Reached skill level 6 in Axes
  2861 | D:4      | Found a hide-covered altar of Uskayaw.
  3135 | D:4      | Reached XP level 8. HP: 49/49 MP: 8/8
  3141 | D:4      | Reached skill level 5 in Armour
  3249 | D:4      | Found a stormy altar of Qazlal.
  3251 | D:4      | Noticed an air elemental
  3319 | D:4      | Noticed a water elemental
  3394 | D:5      | Entered Level 5 of the Dungeon
  3572 | D:5      | Reached skill level 7 in Axes
  3732 | D:5      | Found a glowing golden altar of the Shining One.
  3735 | D:5      | Found a sacrificial altar of Ru.
  3756 | D:5      | Reached skill level 1 in Evocations
  4229 | D:6      | Found a burning altar of Makhleb.
  4733 | D:7      | Noticed a vampire
  4737 | D:7      | Reached XP level 9. HP: 49/55 MP: 9/9
  4791 | D:7      | Found a hazy altar of Hepliaklqana.
  4802 | D:7      | Noticed a komodo dragon
  4817 | D:7      | Reached skill level 8 in Axes
  4818 | D:7      | Killed a komodo dragon
  5374 | D:7      | Reached skill level 5 in Shields
  5917 | D:7      | Found a staircase to the Ecumenical Temple.
  5932 | Temple   | Entered the Ecumenical Temple
  5999 | Temple   | Became a worshipper of Warmaster Okawaru
  6395 | D:7      | Found an opulent altar of Gozag.
  6533 | D:8      | Reached skill level 1 in Invocations
  6646 | D:8      | Found a sand-covered staircase.
  6654 | Ossuary  | Entered an ossuary
  6735 | Ossuary  | Reached skill level 9 in Axes
  7080 | D:8      | Found a shimmering blue altar of Sif Muna.
  7120 | D:8      | Reached XP level 10. HP: 61/61 MP: 11/11
  7290 | D:8      | Noticed a two-headed ogre
  7297 | D:8      | Killed a two-headed ogre
  7297 | D:8      | Reached * piety under Okawaru
  7518 | D:9      | Found a runed translucent door.
  7522 | D:9      | Found a basalt altar of Yredelemnul.
  7525 | D:9      | Found a white marble altar of Elyvilon.
  7548 | D:9      | Reached ** piety under Okawaru
  7646 | D:9      | Found a staircase to the Orcish Mines.
  7988 | D:9      | Reached skill level 10 in Axes
  8011 | D:9      | Found Iruen's Armour Emporium.
  8236 | D:9      | Found a sparkling altar of Nemelex Xobeh.
  8237 | D:9      | Found a radiant altar of Vehumet.
  8563 | D:9      | Reached *** piety under Okawaru
  8715 | D:10     | Entered Level 10 of the Dungeon
  9025 | D:10     | Reached skill level 5 in Evocations
  9025 | D:10     | Reached XP level 11. HP: 38/68 MP: 14/14
  9442 | D:10     | Found the +6 shillelagh "Devastator" {shatter}
  9641 | D:11     | Found a portal to a secret trove of treasure.
  9711 | D:11     | Reached **** piety under Okawaru
 10179 | D:11     | Noticed a wizard
 10185 | D:11     | Killed a wizard
 10187 | D:11     | Noticed a wizard
 10195 | D:11     | Killed a wizard
 10196 | D:11     | Reached skill level 5 in Invocations
 10203 | D:11     | Found the +3 warlock's mirror {omnireflect}
 10319 | D:11     | Noticed Nergalle
 10320 | D:11     | Noticed a manticore
 10321 | D:11     | Noticed a wizard
 10328 | D:11     | Killed a wizard
 10329 | D:11     | Reached skill level 11 in Axes
 10330 | D:11     | Killed a manticore
 10330 | D:11     | Killed Nergalle
 10330 | D:11     | Reached ***** piety under Okawaru
 10533 | D:11     | Found a staircase to the Lair.
 10604 | D:11     | Noticed a wizard
 10606 | D:11     | Noticed a wizard
 10609 | D:11     | Killed a wizard
 10609 | D:11     | Received a gift from Okawaru
 10613 | D:11     | Killed a wizard
 10636 | D:11     | Noticed a wizard
 10637 | D:11     | Upgraded the game from 0.30-a0-1103-g25895a7845 to
                  | 0.30-a0-1112-gfb780f5df6
 10662 | D:11     | Killed a wizard
 10812 | Lair:1   | Entered Level 1 of the Lair of Beasts
 10830 | D:11     | Reached XP level 12. HP: 54/75 MP: 16/16
 12079 | Lair:2   | Identified the +0 kite shield "Tuwkanud" {rC+}
 12133 | Lair:2   | Identified 2 scrolls of acquirement
 12133 | Lair:2   | Acquired 1044 gold pieces
 12135 | Lair:2   | Acquired the ring "Azoon" {rElec Will+++ AC+4 Str-2}
 12465 | Lair:2   | Found a staircase to the Shoals.
 12493 | Lair:2   | Reached skill level 12 in Axes
 12982 | Lair:3   | Found a staircase to the Snake Pit.
 13134 | Lair:3   | Identified the +6 chain mail of Beadouwn {rN+ Str+2}
                  | (Okawaru gifted it to you on level 3 of the Lair of Beasts)
 13134 | Lair:3   | Received a gift from Okawaru
 13177 | Lair:3   | Reached XP level 13. HP: 80/80 MP: 18/18
 13328 | Lair:3   | Reached ****** piety under Okawaru
 13346 | Lair:3   | Reached skill level 10 in Armour
 14187 | Lair:4   | Reached skill level 13 in Axes
 14201 | Lair:4   | Reached skill level 10 in Fighting
 14592 | Lair:4   | Received a gift from Okawaru
 15178 | Lair:4   | Gained mutation: Your large and strong wings let you fly.
                  | [Gargoyle growth]
 15178 | Lair:4   | Reached XP level 14. HP: 88/88 MP: 20/20
 15389 | Lair:5   | Entered Level 5 of the Lair of Beasts
 15429 | Lair:5   | Received a gift from Okawaru
 15468 | Lair:5   | Found a runed translucent door.
 15468 | Lair:5   | Found a viscous altar of Jiyva.
 15485 | Lair:5   | Found a staircase to the Slime Pits.
 15577 | Lair:5   | Reached skill level 14 in Axes
 15689 | Lair:5   | Found a gate leading to a gauntlet.
 15700 | Gauntlet | Entered a Gauntlet
 15700 | Gauntlet | Found a transporter.
 15700 | Gauntlet | Found a transporter.
 15704 | Gauntlet | Found a transporter.
 15704 | Gauntlet | Found a transporter.
 15729 | Gauntlet | Found a transporter.
 15761 | Gauntlet | Found a transporter.
 15829 | Gauntlet | Identified the ring of Vehumet's Respect {rElec rN+ Slay+2}
 15836 | Gauntlet | Found a transporter.
 15856 | Gauntlet | Found a transporter.
 15867 | Gauntlet | Identified the +3 kite shield "Tenkifo" {+Blink rElec Int+3
                  | Dex+4} (Okawaru gifted it to you in a Gauntlet)
 15867 | Gauntlet | Received a gift from Okawaru
 15902 | Gauntlet | Found a transporter.
 15904 | Gauntlet | Found a transporter.
 15912 | Gauntlet | Found a transporter.
 15942 | Gauntlet | Found a transporter.
 15992 | Gauntlet | Identified the +2 flail of the Sage {holy, Int+4}
 15992 | Gauntlet | Identified the ring of Xiuxecah {rElec rC+++ rCorr MP+9
                  | Dex-4}
 16007 | Gauntlet | Got Enuasi Qiox's Handbook of the Faeries
 16621 | Lair:5   | Reached skill level 10 in Invocations
 17258 | Lair:5   | Noticed a dire elephant
 17268 | Lair:5   | Killed a dire elephant
 17292 | Lair:5   | Identified the +8 flail "Ymoic" {flame, Fragile rElec rC-
                  | Str+7}
 18203 | D:12     | Reached XP level 15. HP: 93/95 MP: 22/22
 18535 | D:12     | Noticed Jorgrun
 18536 | D:12     | HP: 1/95 [Jorgrun/Lee's Rapid Deconstruction (23)]
 18541 | D:12     | Mangled by a fire elemental

Illustrated notes

Levels and vault maps discovered:
D:1:      psy_arrival_statuary, layout_basic, serial_park_tiny_pond
D:2:      minmay_inner_zag, layout_loops_cross
D:3:      layout_rooms, fedhas_altar_2, shapermc_ecumenical_altar_petra,
          ebering_ghost_disaster_area, item_on_display_a, uniq_sigmund,
          uniq_grinder
D:4:      minmay_polygon_palace, layout_cave_pools,
          nicolae_qazlal_style_of_elements, slow_altar_1, lemuel_round_altar,
          gup_sewer_entry_bowl
D:5:      layout_gridville, nicolae_overflow_squiral
D:6:      layout_loops_ring, makhleb_grotto_becter
D:7:      layout_loops_ring, nicolae_overflow_hidden_temple,
          mainiacjoe_overflow_chevrons, temple_green, grunt_decor_junction,
          minmay_lizard_king
D:8:      layout_gridville, mainiacjoe_overflow_cross_hatched, enter_ossuary_4,
          minmay_gold_behind_fungi
D:9:      layout_stronghold, dk_yredelemnul_ordeal,
          gammafunk_temple_overflow_pools, mainiacjoe_overflow_small_starburst,
          kennysheep_orc_monster_closet_entryway, serial_shops,
          nicolae_shop_just_a_little_nook
D:10:     layout_loops_ring
D:11:     minmay_smoke_and_mirrors, layout_irregular_city, lair_entry_dummy,
          nicolae_trove_entry_path_of_doom, uniq_nergalle
D:12:     layout_loops_cross, portal_ice_cave_entry_ice_simulacra,
          minmay_radiant, uniq_jorgrun
Temple:   nicolae_temple_superstar
Lair:1:   layout_cave_pods
Lair:2:   layout_loops_ring, elwin_shoals_entry_stream, serial_bayou_shore_a,
          lemuel_fruit_fields
Lair:3:   layout_cave_pods, minmay_snake_entry_six_corridors,
          infiniplex_staircase_pool_2
Lair:4:   layout_cave_pods, grunt_megastairs_3, serial_bayou_shore_b
Lair:5:   grunt_lair_end_beastmaster, layout_big_grid, slime_entry_2,
          gauntlet_entry_generic, eino_house_with_fridge, lemuel_fruit_tree

Skill      XL: |  1  2  3  4  5  6  7  8  9 10 11 12 13 14 |
---------------+-------------------------------------------+-----
Axes           | 2 4 5 6 7 9 10 11 12 13 14 | 14.8
Fighting       | 4 5 6 7 8 9 10 11 | 11.3
Armour         | 4 5 6 7 8 9 10 11 | 11.2
Shields        | 4 5 6 7 8 9 |  9.6
Evocations     | 2 3 5 6 7 8 9 |  9.4
Invocations    | 1 4 6 7 9 10 | 10.4

Action                     |  1- 3 |  4- 6 |  7- 9 | 10-12 | 13-15 || total
---------------------------+-------+-------+-------+-------+-------++-------
  Melee: War axe           |    73 |    34 |   282 |   401 |   608 ||  1398
         Flail             |       |       |       |       |     8 ||     8
 Invoke: Heroism           |       |       |       |       |     2 ||     2
    Use: Scroll            |     5 |     3 |    11 |     7 |     3 ||    29
         Potion            |       |       |       |       |     9 ||     9
   Stab: Distracted        |       |       |     5 |     6 |     9 ||    20
         Petrified         |       |       |       |       |     1 ||     1
 Armour: Scale mail        |    32 |     3 |       |       |       ||    35
         Plate armour      |       |    18 |   179 |   307 |       ||   504
         Chain mail        |       |       |       |     2 |   397 ||   399
  Dodge: Dodged            |    28 |     8 |    55 |    90 |   144 ||   325
  Block: Buckler           |     9 |     2 |    73 |   123 |   131 ||   338
         Tower shield      |       |       |       |       |   214 ||   214
         Reflection        |       |       |       |       |    11 ||    11

Table legend: (Time is in decaauts)
 A = Elapsed time spent in this place.
 B = Non-inter-level travel time spent in this place.
 C = Inter-level travel time spent in this place.
 D = Time resting spent in this place.
 E = Time spent auto-exploring this place.
 F = Levels seen in this place.
 G = Mean time per level.
                   A        B        C        D        E       F      G
               +--------+--------+--------+--------+--------+-----+--------+
         Total |  18795 |  18254 |    541 |   3165 |  10760 |  21 |  895.0 |
       Dungeon |  10490 |  10239 |    251 |   1658 |   6506 |  12 |  874.2 |
        Temple |     78 |     78 |      0 |      0 |     51 |   1 |   78.0 |
          Lair |   6774 |   6484 |    290 |   1394 |   3491 |   5 | 1354.8 |
         Sewer |    851 |    851 |      0 |    113 |    510 |   1 |  851.0 |
       Ossuary |    237 |    237 |      0 |      0 |    162 |   1 |  237.0 |
      Gauntlet |    363 |    363 |      0 |      0 |     40 |   1 |  363.0 |
               +--------+--------+--------+--------+--------+-----+--------+

Top non-repeatable levels by time:
  Lair:5: 2248 daAuts
  Lair:3: 1386 daAuts
    D:11: 1362 daAuts
     D:9: 1338 daAuts
     D:6: 1306 daAuts
  Lair:4: 1228 daAuts
  Lair:1: 1117 daAuts
     D:7: 1009 daAuts
    D:10: 884 daAuts
   Sewer: 851 daAuts
  Lair:2: 793 daAuts
     D:3: 775 daAuts
     D:2: 757 daAuts
     D:4: 717 daAuts
     D:5: 714 daAuts
